 Dungeon Crawl Stone Soup version 0.25-a0-547-g27a0b5d1ef (webtiles) character file.

Game seed: 3923665893812580326, levelgen mode: deterministic

270 Gargoyl the Skirmisher (level 6, 0/78 HPs)
             Began as a Centaur Abyssal Knight on Feb 22, 2020.
             Was a Believer of Lugonu.
             Succumbed to Sigmund's poison
             ... on level 4 of the Dungeon.
             The game lasted 00:05:36 (3118 turns).

Gargoyl the Skirmisher (Centaur Abyssal Knight)     Turns: 3118, Time: 00:05:37

Health: 0/78       AC: 23    Str: 12 (15) XL:     6   Next: 1%
Magic:  8/8        EV:  1    Int:  6 (8)  God:    Lugonu [**....]
Gold:   178        SH:  0    Dex:  9 (10) Spells: 5/5 levels left

rFire    . . .     SeeInvis .   a - +1 hand axe
rCold    . . .     Gourm    .   (no shield)
rNeg     + + +     Faith    .   (armour currently unavailable)
rPois    +         Spirit   .   (helmet currently unavailable)
rElec    .         Reflect  .   (cloak currently unavailable)
rCorr    .         Harm     .   (gloves currently unavailable)
MR       .....     NoTele   +   (no barding)
Stlth    +.........             (no amulet)
HPRegen  0.23/turn              h - -3 ring of intelligence (curse)
MPRegen  0.11/turn              (no ring)

@: lethally poisoned (0 -> -16), tree-form
A: large
a: Depart the Abyss, Bend Space, Renounce Religion


You were on level 4 of the Dungeon.
You worshipped Lugonu.
Lugonu was pleased with you.
You were hungry.
You were a tree.
You visited 1 branch of the dungeon, and saw 4 of its levels.
You visited the Abyss 1 time.

You collected 178 gold pieces.

Inventory:

Hand Weapons
 a - a +1 hand axe (weapon)
Armour
 e - a +5 chain mail of poison resistance (melded)
 j - a +1 helmet (melded)
Jewellery
 h - a cursed -3 ring of intelligence (left branch)
Scrolls
 b - 2 scrolls of teleportation
 g - a scroll of blinking
 l - a scroll of remove curse
Potions
 d - 3 potions of haste
 f - a potion of degeneration
 i - a potion of lignification
Comestibles
 c - 6 rations


   Skills:
 + Level 3.8 Fighting
 + Level 3.3 Axes
 * Level 2.8 Armour
 * Level 1.5 Dodging
 * Level 3.0 Invocations


You had 5 spell levels left.
You didn't know any spells.
Your spell library was empty.

Dungeon Overview and Level Annotations

Branches:
Dungeon (4/15)
 Temple: D:4-7

Altars:
Hepliaklqana
Qazlal

Annotations:
D:3 2 transporters, daodarkstar's ghost, amateur GrFi
D:4 Sigmund


Innate Abilities, Weirdness & Mutations

((You have hooves in place of feet.))
((Armour fits poorly on your strangely shaped body.))
((You cover ground very quickly.))
((You have extremely tough skin. (AC +3)))


Message History

You throw a silver javelin.
You feel sick. Something hits you but does no damage.
You feel sick. Something hits you but does no damage.
You are lethally poisoned!
* * * LOW HITPOINT WARNING * * *
You feel sick.
Okay, then.
* * * LOW HITPOINT WARNING * * *
You feel very sick. Something hits you!
* * * LOW HITPOINT WARNING * * *
* * * LOW HITPOINT WARNING * * *
You feel sick. Something hits you but does no damage.
* * * LOW HITPOINT WARNING * * *
You feel sick.
* * * LOW HITPOINT WARNING * * *
You feel sick.
You hear some strange, mumbled words.
Something tries to affect you, but you resist.
You die...

##.#.......#.#..(..._.......#.#.
#........##.##..^≈.§.§^≈≈#.._..
#..#....###.##≈###^.§#^#.###.#.
#..#.#.## #.##(^ #≈.≈^##^# #...
#..#.### #.# ##.§≈#≈#.# ####
###.>#.#### #.# .§.^≈..##
.....#..... .)# ...##.
###...##############.$...<
##............♣.$....#
#.########.....{..###
#...........#####.#
##########....... # ########


There were no monsters in sight!

Vanquished Creatures
  A phantom (D:4)
  An orc wizard (D:4)
  4 gnolls (D:3)
  2 adders (D:3)
  2 oozes (D:1)
  2 worms
  2 leopard geckos
  6 orcs
  8 bats
  2 giant cockroaches
  12 goblins
  5 hobgoblins
  4 jackals (D:2)
  A quokka (D:2)
  2 ball pythons (D:2)
  4 frilled lizards
  6 kobolds
  A leopard gecko skeleton (D:4)
  8 rats
73 creatures vanquished.

Vanquished Creatures (others)
  A starspawn tentacle (Abyss:4)
1 creature vanquished.

Grand Total: 74 creatures vanquished

Notes
Turn   | Place    | Note
-------+----------+-------------------------------------------
     0 | Abyss:1  | Gargoyl the Centaur Abyssal Knight began the quest for the
                  | Orb.
     0 | Abyss:1  | Reached XP level 1. HP: 19/19 MP: 2/2
    13 | Abyss:2  | Noticed a fire bat
    13 | Abyss:2  | Noticed a fire bat
    13 | Abyss:2  | Noticed a fire bat
    16 | Abyss:2  | Noticed a fire bat
    58 | Abyss:3  | Noticed a large abomination
    76 | Abyss:3  | Noticed a purple very ugly thing
    89 | Abyss:3  | Noticed an orange crystal statue
    89 | Abyss:3  | Noticed a neqoxec
    89 | Abyss:3  | Noticed a neqoxec
    91 | Abyss:3  | Noticed a neqoxec
    91 | Abyss:3  | Noticed a cyan very ugly thing
   147 | Abyss:4  | Noticed a tentacled starspawn
   159 | D:1      | Escaped the Abyss
   400 | D:1      | Reached * piety under Lugonu
   400 | D:1      | Reached XP level 2. HP: 26/26 MP: 3/3
   477 | D:1      | You fall into a shaft and drop 1 floor!
   535 | D:2      | Found a faded altar of an unknown god.
   821 | D:2      | Reached XP level 3. HP: 19/31 MP: 4/4
  1024 | D:2      | Reached skill level 1 in Dodging
  1466 | D:1      | Reached ** piety under Lugonu
  1641 | D:3      | Reached XP level 4. HP: 26/40 MP: 5/5
  2297 | D:3      | Found a transporter.
  2299 | D:3      | Noticed daodarkstar's ghost (amateur GrFi)
  2456 | D:3      | Found a transporter.
  2532 | D:3      | Reached XP level 5. HP: 40/46 MP: 6/6
  2902 | D:4      | Found a hazy altar of Hepliaklqana.
  2910 | D:4      | Found a stormy altar of Qazlal.
  2950 | D:4      | Noticed a phantom
  2999 | D:4      | Killed a phantom
  2999 | D:4      | Reached XP level 6. HP: 40/52 MP: 8/8
  3089 | D:4      | Noticed Sigmund
  3116 | D:4      | HP: 3/78 [poisoned by Sigmund]
  3118 | D:4      | Succumbed to Sigmund's poison

Levels and vault maps discovered:
D:1:      dpeg_arrival_line_fractal, layout_basic
D:2:      layout_basic, chequers_ecumenical_altar_simple_redux, first_ration,
          minmay_tromino_v4_b
D:3:      layout_basic, gammafunk_ghost_stat_death
D:4:      minmay_goblin_kobold_castle, layout_loops_ring,
          grunt_qazlal_sundering, lemuel_zombie_altar_kikubaaqudgha,
          lemuel_crystal_altar, chequers_jeans, uniq_sigmund, uniq_robin,
          uniq_menkaure

Skill      XL: |  1  2  3  4  5 |
---------------+----------------+-----
Axes           | 2 3 |  3.3
Dodging        | 1 |  1.5
Armour         | 2 |  2.8
Invocations    | 3 |  3.0
Fighting       | |  3.8

Action                   |  1- 3 |  4- 6 || total
-------------------------+-------+-------++-------
Melee: Hand axe          |   134 |   117 ||   251
       Kick              |    15 |    25 ||    40
Throw: Javelin           |       |     2 ||     2
Invok: Depart the Abyss  |     1 |       ||     1
  Use: Potion            |     1 |     2 ||     3
       Scroll            |     5 |     3 ||     8
  Eat: Chunk             |     1 |     4 ||     5
Armor: Chain mail        |   121 |   135 ||   256
       Leather armour    |     3 |       ||     3
       Skin              |       |     6 ||     6
Dodge: Dodged            |    28 |    35 ||    63

Table legend:
 A = Non-vault XP
 B = Vault XP
 C = Vault XP percentage of total XP
 D = Non-vault monster count
 E = Vault monster count
 F = Vault count percentage of total count
                 A         B        C        D         E       F
            +---------+---------+-------+---------+---------+-------
      Total |     378 |       8 |   2.1 |      69 |       4 |   5.5
            +---------+---------+-------+---------+---------+-------
        D:1 |      42 |       0 |   0.0 |      19 |       0 |   0.0
        D:2 |      30 |       2 |   6.2 |      18 |       1 |   5.3
        D:3 |     123 |       0 |   0.0 |      25 |       0 |   0.0
        D:4 |     183 |       6 |   3.2 |       7 |       3 |  30.0
            +---------+---------+-------+---------+---------+-------
